 Dungeon Crawl Stone Soup version 0.29.1-2-gbd0b4ee654 (webtiles) character file.

Game seed: 15685331659738383247

2269 Descartes the Blocker (level 9, -1/96 HPs)
             Began as a Formicid Fighter on Nov 25, 2022.
             Slain by Edmund
             ... wielding a +3 dire flail of protection
              (8 damage)
             ... on level 6 of the Dungeon.
             The game lasted 00:15:39 (6968 turns).

Descartes the Blocker (Formicid Fighter)            Turns: 6968, Time: 00:15:40

Health: -1/96      AC: 28    Str: 29    XL:     9   Next: 65%
Magic:  9/9        EV:  2    Int: 10    God:
Gold:   236        SH:  6    Dex: 13    Spells: 5/8 levels left

rFire   . . .      SeeInvis .   s - +2 whip (venom)
rCold   . . .      Faith    .   c - +0 buckler
rNeg    . . .      Spirit   .   (body armour currently unavailable)
rPois   +          Reflect  .   (helmet unavailable)
rElec   .          Harm     .   (cloak currently unavailable)
rCorr   .          Rampage  .   (gloves currently unavailable)
Will    .....                   (boots currently unavailable)
Stlth   +.........              (no amulet)
HPRegen 0.26/turn               i - +4 ring of protection
MPRegen 0.11/turn               u - +6 ring of strength

@: tree-form
A: stationary, stasis, torment immunity, boosted hp, permanent stasis, dig
shafts and tunnels, (antennae 3), four strong arms
a: no special abilities


You were on level 6 of the Dungeon.
You were a tree.
You visited 1 branch of the dungeon, and saw 6 of its levels.

You collected 278 gold pieces.
You spent 42 gold pieces at shops.

Inventory:

Hand Weapons
 a - a +0 war axe
 o - a +0 vampiric hand axe
 s - a +2 whip of venom (weapon)
 w - a +0 giant spiked club
 G - a +2 whip of flaming
Missiles
 n - 6 silver javelins
 p - 4 poisoned darts
Armour
 b - a +0 scale mail
 c - a +0 buckler (worn)
 g - a +0 pair of boots (melded)
 r - a +0 pair of gloves (melded)
 E - a +0 chain mail (melded)
Jewellery
 i - a +4 ring of protection (left branch)
 u - a +6 ring of strength (right branch)
Wands
 t - a wand of flame (20)
 D - a wand of charming (9)
Scrolls
 e - 2 scrolls of vulnerability {unknown}
 f - 4 scrolls of identify
 h - 4 scrolls of brand weapon {unknown}
 j - 2 scrolls of butterflies {unknown}
 k - a scroll of fear {unknown}
 l - a scroll of amnesia {unknown}
 q - 2 scrolls of immolation {unknown}
 v - a scroll of silence {unknown}
 y - a scroll of magic mapping {unknown}
 C - a scroll of blinking {unknown}
 H - a scroll of teleportation {unknown}
Potions
 d - 2 potions of might
 m - a potion of lignification
 x - 2 potions of curing {unknown}
 z - a potion of heal wounds
 A - a potion of flight {unknown}
 B - 2 potions of brilliance {unknown}
 F - a potion of resistance {unknown}


   Skills:
 - Level 3.2 Fighting
 + Level 6.0(6.5) Axes
 - Level 3.5(5.2) Maces & Flails
 + Level 7.1 Armour
 + Level 8.6 Shields
 + Level 5.1 Translocations


You had 5 spell levels left.
You knew the following spells:

 Your Spells              Type           Power      Damage    Failure   Level
a - Teleport Other        Tloc           10%        N/A       16%         3

Your spell library contained the following spells:

 Spells                   Type           Power      Damage    Failure   Level
 Gell's Gravitas          Tloc           10%        N/A       16%         3
 Necrotise                Necr           0%         1d4       41%         1
 Poisonous Vapours        Pois/Air       0%         N/A       54%         2
 Vampiric Draining        Necr           0%         2d6       78%         3
 Corpse Rot               Necr/Pois/Air  0%         N/A       99%         4
 Agony                    Necr           0%         N/A       100%        5
 Dispersal                Tloc           5%         N/A       100%        6


Dungeon Overview and Level Annotations

Branches:
Dungeon (6/15)
 Temple: D:4-7

Altars:
Dithmenos

Shops:
D:2 ?   D:4 **   D:5 :

Annotations:
D:1 1 transporter
D:6 Edmund


Innate Abilities, Weirdness & Mutations

You are a tree.
Your roots penetrate the ground, keeping you stationary.
You cannot be teleported.
You are immune to unholy pain and torment.
Your maximum health is greatly increased.
Your equipment is partially melded.
You cannot be hasted, slowed, berserked, paralysed or teleported.
You can dig through walls and to a lower floor.
((You have a pair of large antennae on your head. (SInv)))
Your four strong arms can wield two-handed weapons with a shield.


Message History

Unknown command.
You barely miss Edmund.
Edmund is moderately wounded.
Edmund hits you but does no damage.
You completely miss Edmund.
Edmund is heavily wounded.
Edmund grinds his teeth, and then sighs.
Edmund zaps a wand.
The roots erupt in riotous growth!
The grasping roots grab you!
Edmund is unaffected.
The grasping roots constrict you.
Unknown command.
You hit Edmund.
Edmund looks as sick as possible!
Edmund is heavily wounded.
Edmund hits you with a +3 dire flail of protection!
* * * LOW HITPOINT WARNING * * *
The grasping roots constrict you.
Really quaff the potion of lignification?
You turn into a tree.
Your +0 pair of gloves melds into your body.
Your +0 pair of boots melds into your body.
Your +0 chain mail melds into your body.
Your roots penetrate the ground.
Edmund hits you with a +3 dire flail of protection.
* * * LOW HITPOINT WARNING * * *
The grasping roots constrict you.
* * * LOW HITPOINT WARNING * * *
You hit Edmund.
Edmund looks as sick as possible!
Edmund is severely wounded.
Edmund hits you with a +3 dire flail of protection!
* * * LOW HITPOINT WARNING * * *
The grasping roots constrict you.
The grasping roots release their grip on you.
You hit Edmund but do no damage.
Edmund looks as sick as possible!
Edmund is severely wounded.
Edmund barely misses you.
Unknown command.
You hit Edmund but do no damage.
Edmund looks as sick as possible!
Edmund is almost dead.
Edmund hits you with a +3 dire flail of protection!
You die...

##..###...##.##...##..##
##..###########...#####
..........#........#
..........#........#
..........#........#
..........+........#
..........#......†.#
..........#........##
####.####.####..♣...# #
.# #..@#### #....#
#....# #...?# #....#
#....# #.#### ##


You could see Edmund (extremely poisoned).

Vanquished Creatures
  Pikel (D:5)
  A cyclops (D:5)
  Sigmund (D:2)
  A water moccasin (D:5)
  2 black bears
  An ice beast (D:6)
  2 ogres
  A phantom (D:5)
  A bullfrog (D:6)
  A necrophage (D:4)
  2 scorpions
  A jelly (D:5)
  2 orc priests (D:3)
  4 hounds
  2 iguanas
  3 gnolls (D:4)
  4 adders
  A white imp (D:5)
  An ufetubus (D:5)
  3 worms (D:2)
  7 dart slugs
  15 orcs
  8 bats
  8 endoplasms
  6 giant cockroaches
  8 goblins
  8 hobgoblins
  6 quokkas
  8 ball pythons
  6 frilled lizards
  4 kobolds
  4 rats
123 creatures vanquished.

Notes
Turn   | Place    | Note
-------+----------+-------------------------------------------
     0 | D:1      | Descartes the Formicid Fighter began the quest for the Orb.
     0 | D:1      | Reached XP level 1. HP: 18/18 MP: 1/1
   197 | D:1      | Reached XP level 2. HP: 24/24 MP: 2/2
   587 | D:1      | Reached XP level 3. HP: 22/29 MP: 3/3
   675 | D:1      | Reached skill level 1 in Translocations
  1298 | D:2      | Noticed Sigmund
  1317 | D:2      | Killed Sigmund
  1318 | D:2      | Reached skill level 5 in Shields
  1318 | D:2      | Reached XP level 4. HP: 26/35 MP: 4/4
  1318 | D:2      | Reached XP level 5. HP: 31/41 MP: 5/5
  1318 | D:2      | Reached XP level 6. HP: 35/47 MP: 6/6
  1505 | D:2      | Found Miuxeymo's Magic Scroll Boutique.
  1523 | D:2      | Bought a scroll of noise for 14 gold pieces
  1523 | D:2      | Bought a scroll of identify for 28 gold pieces
  1756 | D:2      | Learned a level 3 spell: Teleport Other
  3203 | D:4      | Reached XP level 7. HP: 52/52 MP: 7/7
  3206 | D:4      | Reached skill level 6 in Shields
  3414 | D:4      | Reached skill level 5 in Armour
  3428 | D:4      | Reached skill level 1 in Maces & Flails
  3537 | D:4      | Found a shadowy altar of Dithmenos.
  3723 | D:4      | Found Doge's Specific Store.
  3725 | D:4      | Found Volocse's General Store.
  3988 | D:5      | Entered Level 5 of the Dungeon
  4190 | D:4      | Reached XP level 8. HP: 8/58 MP: 8/8
  4783 | D:5      | Found Jivvato's Book Shoppe.
  5260 | D:5      | HP: 1/58 [ogre/+0 giant spiked club (24)]
  5604 | D:6      | Noticed a cyclops
  5654 | D:5      | Reached skill level 7 in Shields
  6027 | D:6      | Noticed Pikel
  6048 | D:5      | Killed Pikel
  6049 | D:5      | Reached skill level 5 in Axes
  6049 | D:5      | Reached XP level 9. HP: 23/64 MP: 9/9
  6493 | D:5      | Killed a cyclops
  6494 | D:5      | Reached skill level 8 in Shields
  6787 | D:6      | Reached skill level 5 in Translocations
  6948 | D:6      | Noticed Edmund
  6968 | D:6      | Slain by Edmund

Illustrated notes

Levels and vault maps discovered:
D:1:      spicycebolla_arrival_risky_transporter, layout_loops_ring,
          minmay_pentomino_o4
D:2:      layout_loops_ring, serial_shops, nicolae_shop_statue_plus,
          uniq_sigmund
D:3:      layout_basic, serial_rivers, chequers_serial_rivers_micro_d,
          chequers_serial_rivers_small_b, chequers_serial_rivers_micro_b,
          chequers_serial_rivers_micro_e, chequers_serial_rivers_small_b,
          chequers_serial_rivers_micro_e
D:4:      layout_basic, nicolae_overflow_crystal_walls, nicolae_specific_store
D:5:      layout_loops_ring, serial_shops, kennysheep_mini
D:6:      layout_gridville, kennysheep_windowed_goal, uniq_pikel, uniq_edmund

Skill      XL: |  1  2  3  4  5  6  7  8  9 |
---------------+----------------------------+-----
Translocations | 2 3 4 5 |  5.1
Axes           | 3 4 5 6 |  6.0
Armour         | 4 5 6 7 |  7.1
Shields        | 5 6 7 8 |  8.6
Maces & Flails | 2 3 |  3.5
Fighting       | |  3.2

Action                   |  1- 3 |  4- 6 |  7- 9 || total
-------------------------+-------+-------+-------++-------
Melee: War axe           |   105 |   133 |       ||   238
       Whip              |       |     9 |   242 ||   251
  Use: Scroll            |       |     2 |       ||     2
       Potion            |       |     1 |     3 ||     4
Armor: Scale mail        |    66 |    93 |    52 ||   211
       Chain mail        |       |       |    62 ||    62
Dodge: Dodged            |    46 |    55 |    90 ||   191
Block: Buckler           |    32 |    48 |    58 ||   138
